 Dungeon Crawl Stone Soup version 0.29-a0-90-gc37658a0fe (webtiles) character file.

Game seed: 13826760359650609517

2404 lordive the Covert (level 9, -2/44 HPs)
             Began as a Spriggan Enchanter on Feb 6, 2022.
             Slain by an eight-headed hydra (13 damage)
             ... on level 7 of the Dungeon.
             The game lasted 00:13:33 (9947 turns).

lordive the Covert (Spriggan Enchanter)             Turns: 9947, Time: 00:13:34

Health: -2/44      AC:  7    Str:  4    XL:     9   Next: 23%
Magic:  14/19      EV: 20    Int: 21    God:
Gold:   249        SH:  0    Dex: 15    Spells: 9/20 levels left

rFire   . . .      SeeInvis +   E - +2 dagger (venom)
rCold   . . .      Faith    .   (no shield)
rNeg    + . .      Spirit   .   b - +0 robe
rPois   .          Reflect  .   (helmet restricted)
rElec   .          Harm     .   B - +0 cloak
rCorr   .          Rampage  .   (gloves unavailable)
Will    +....                   (boots unavailable)
Stlth   ++++......              (no amulet)
HPRegen 0.14/turn               d - +4 ring of protection
MPRegen 0.16/turn               v - ring of positive energy

@: very quick
A: very small, no large weapons, unfitting armour, see invisible, speed 3
a: no special abilities


You were on level 7 of the Dungeon.
You visited 1 branch of the dungeon, and saw 7 of its levels.

You collected 269 gold pieces.
You spent 20 gold pieces at shops.

Inventory:

Hand Weapons
 a - a +1 dagger
 E - a +2 dagger of venom (weapon)
Missiles
 m - a throwing net
Armour
 b - a +0 robe (worn)
 B - a +0 cloak (worn)
Magical Staves
 g - a staff of fire
Jewellery
 d - a +4 ring of protection (left hand)
 v - a ring of positive energy (right hand)
Wands
 u - a wand of flame (10)
Scrolls
 e - a scroll of fog
 f - a scroll of acquirement {unknown}
 h - a scroll of amnesia {unknown}
 i - 2 scrolls of vulnerability {unknown}
 j - a scroll of magic mapping {unknown}
 k - a scroll of brand weapon {unknown}
 l - 3 scrolls of teleportation {unknown}
 o - 2 scrolls of immolation {unknown}
 q - 6 scrolls of identify
 t - a scroll of fear {unknown}
 y - a scroll of holy word {unknown}
 z - a scroll of summoning {unknown}
 C - a scroll of enchant armour {unknown}
Potions
 c - 2 potions of invisibility
 n - 3 potions of curing {unknown}
 p - a potion of berserk rage {unknown}
 r - a potion of flight {unknown}
 s - a potion of heal wounds {unknown}
 w - a potion of degeneration {unknown}
 x - a potion of attraction {unknown}
 A - a potion of might {unknown}
 D - a potion of cancellation {unknown}
 F - a potion of lignification {unknown}
 G - 2 potions of brilliance {unknown}


   Skills:
 * Level 3.4 Fighting
 * Level 4.5 Short Blades
 * Level 6.2 Dodging
 + Level 10.3 Stealth
 + Level 6.4 Spellcasting
 * Level 8.2 Hexes
 - Level 0.6 Ice Magic


You had 9 spell levels left.
You knew the following spells:

 Your Spells              Type           Power      Damage    Failure   Level
a - Ensorcelled Hibernat  Hex/Ice        50%        N/A       2%          2
b - Confusing Touch       Hex            41%        N/A       1%          3
c - Tukima's Dance        Hex            41%        N/A       1%          3
d - Dazzling Flash        Conj/Hex       48%        N/A       5%          3

Your spell library contained the following spells:

 Spells                   Type           Power      Damage    Failure   Level
 Summon Guardian Golem    Hex/Summ       24%        N/A       5%          3
 Summon Small Mammal      Summ           24%        N/A       10%         1
 Call Canine Familiar     Summ           6%         N/A       28%         3


Dungeon Overview and Level Annotations

Branches:
Dungeon (7/15)
 Temple: D:4-7

Altars:
Qazlal
Trog
Wu Jian

Shops:
D:2 *[(*   D:6 (


Innate Abilities, Weirdness & Mutations

You are very small and have problems with some larger weapons.
You are too small for most types of armour.
You have supernaturally acute eyesight. (SInv)
You cover ground extremely quickly. (Speed+++)


Message History

Aim: an eight-headed hydra (chance to affect: 23%)
The eight-headed hydra looks drowsy...
The helpless eight-headed hydra fails to defend itself.
You stick the eight-headed hydra like a pincushion!!!
The eight-headed hydra is almost dead.
The eight-headed hydra barely misses you. x2
The eight-headed hydra closely misses you.
The eight-headed hydra bites you but does no damage.
The eight-headed hydra misses you. The eight-headed hydra bites you!
The eight-headed hydra completely misses you.
The eight-headed hydra closely misses you.
Casting: Ensorcelled Hibernation (safe; 2% risk of failure)
Confirm with . or Enter, or press ? or * to list all spells.
Okay, then.
Casting: Ensorcelled Hibernation (safe; 2% risk of failure)
Confirm with . or Enter, or press ? or * to list all spells.
Casting: Dazzling Flash (dangerous; 5% risk of failure)
Press: ? - help, Dir - look around, f - activate The eight-headed hydra is dazzled.
You barely miss the eight-headed hydra.
The eight-headed hydra is severely wounded.
The eight-headed hydra bites you! The eight-headed hydra bites you.
The eight-headed hydra completely misses you.
The eight-headed hydra barely misses you.
The eight-headed hydra bites you but does no damage.
The eight-headed hydra closely misses you.
The eight-headed hydra barely misses you. x2
You hit the eight-headed hydra.
The eight-headed hydra is almost dead.
Unknown command.
You hit the eight-headed hydra.
The eight-headed hydra is almost dead.
The eight-headed hydra closely misses you.
The eight-headed hydra barely misses you.
The eight-headed hydra misses you.
The eight-headed hydra completely misses you.
The eight-headed hydra bites you!
* * * LOW HITPOINT WARNING * * *
The eight-headed hydra bites you!
You die...

#.# #.# #.#
#.#
#.####.#
#.#
#....#^#
#.#
####.#.#
#.# #.#.#
#.#.# #.#.#
#######.#.#
........@D#
#######.###
#.# #.#
#........
#########


You could see an eight-headed hydra (blind).

Vanquished Creatures
  Pikel (D:6)
  Sigmund (D:6)
  Edmund (D:6)
  Duvessa (D:6)
  A water moccasin (D:6)
  2 ice beasts
  A necrophage (D:6)
  A centaur (D:6)
  4 lemures
  2 phantoms
  A bullfrog (D:7)
  4 scorpions
  Dowan (D:6)
  3 wights (D:6)
  A centaur skeleton (D:4)
  A hound (D:5)
  A bullfrog zombie (D:6)
  A jelly (D:4)
  A gnoll shaman (D:4)
  A bullfrog skeleton (D:6)
  2 orc wizards (D:6)
  A scorpion zombie (D:5)
  2 iguanas
  A howler monkey zombie (D:6)
  3 gnolls
  9 adders
  4 worms
  A dart slug (D:2)
  9 orcs
  2 bats (D:3)
  6 endoplasms
  3 giant cockroaches (D:2)
  7 goblins
  6 hobgoblins
  3 jackals (D:2)
  6 kobolds
  3 quokkas
  7 ball pythons
  2 frilled lizards
  4 rats
111 creatures vanquished.

Vanquished Creatures (others)
  A wizard (D:5)
  A dancing weapon (D:6)
2 creatures vanquished.

Grand Total: 113 creatures vanquished

Notes
Turn   | Place    | Note
-------+----------+-------------------------------------------
     0 | D:1      | lordive the Spriggan Enchanter began the quest for the Orb.
     0 | D:1      | Reached XP level 1. HP: 9/9 MP: 5/5
   321 | D:1      | Reached XP level 2. HP: 13/13 MP: 6/6
   324 | D:1      | Learned a level 2 spell: Ensorcelled Hibernation
  1932 | D:2      | Found Ijeop's Antique Armour Emporium.
  1973 | D:2      | Reached skill level 5 in Stealth
  2263 | D:2      | Reached XP level 3. HP: 13/16 MP: 1/8
  2278 | D:2      | Found Zioki's Weapon Emporium.
  2523 | D:2      | Found Nuahu's General Store.
  2994 | D:2      | Found Tugekin's General Store.
  3001 | D:2      | Reached XP level 4. HP: 21/21 MP: 7/10
  3026 | D:2      | Bought a scroll of identify for 20 gold pieces
  4123 | D:4      | Noticed a scorpion
  4130 | D:4      | Reached skill level 6 in Stealth
  4130 | D:4      | Reached XP level 5. HP: 25/25 MP: 11/11
  4315 | D:4      | Noticed a phantom
  4361 | D:4      | Learned a level 3 spell: Confusing Touch
  4365 | D:4      | Learned a level 3 spell: Tukima's Dance
  4983 | D:3      | Killed a phantom
  4984 | D:3      | Reached skill level 1 in Fighting
  4984 | D:3      | Reached skill level 5 in Hexes
  4984 | D:3      | Reached XP level 6. HP: 30/30 MP: 8/12
  5398 | D:4      | Found a stormy altar of Qazlal.
  5406 | D:4      | Reached skill level 7 in Stealth
  5548 | D:5      | Entered Level 5 of the Dungeon
  5553 | D:5      | Learned a level 3 spell: Dazzling Flash
  6160 | D:5      | Reached XP level 7. HP: 20/33 MP: 11/14
  6881 | D:5      | Found a bloodstained altar of Trog.
  7131 | D:5      | Noticed a wizard
  7139 | D:5      | Killed a wizard
  7188 | D:5      | Reached skill level 8 in Stealth
  7463 | D:6      | Noticed Duvessa
  7463 | D:6      | Noticed Dowan
  7479 | D:6      | Killed Duvessa
  7482 | D:6      | Killed Dowan
  7575 | D:6      | Reached skill level 5 in Spellcasting
  7575 | D:6      | Reached XP level 8. HP: 27/39 MP: 13/16
  7903 | D:6      | Reached skill level 5 in Dodging
  8128 | D:6      | Noticed Edmund
  8135 | D:6      | Killed Edmund
  8136 | D:6      | Reached skill level 9 in Stealth
  8270 | D:6      | Noticed Pikel
  8271 | D:6      | Noticed Sigmund
  8473 | D:6      | Killed Sigmund
  8548 | D:6      | Killed Pikel
  8549 | D:6      | Reached skill level 10 in Stealth
  8549 | D:6      | Reached XP level 9. HP: 30/44 MP: 15/19
  8878 | D:6      | Found Vuteit's Weapon Emporium.
  9026 | D:6      | Found an ornate altar of the Wu Jian Council.
  9928 | D:7      | Noticed an eight-headed hydra
  9947 | D:7      | Slain by an eight-headed hydra

Illustrated notes

Levels and vault maps discovered:
D:1:      lightli_arrival_chessboard, layout_loops_ring,
          kennysheep_another_room, st_stairs_9
D:2:      layout_rooms, serial_shops, nicolae_shop_crystal, shop,
          nicolae_shop_trees, nicolae_shop_behind_doors
D:3:      layout_loops_ring
D:4:      layout_basic, old_standard_altar
D:5:      layout_layer_cave, trog_wizard
D:6:      layout_basic, general_overflow_altar, serial_shops,
          nicolae_take_the_stairs, ldierk_geyser, uniq_sigmund, uniq_edmund,
          uniq_pikel, uniq_crazy_yiuf_cottage, uniq_duvessa
D:7:      layout_loops_ring, chequers_temple_overflow_statue_of_worship,
          minmay_temple_entry_sparse_star, nicolae_island_escapes,
          uniq_prince_ribbit1, uniq_maggie

Skill      XL: |  1  2  3  4  5  6  7  8  9 |
---------------+----------------------------+-----
Hexes          | 4 5 6 7 8 |  8.2
Stealth        | 5 6 7 8 10 | 10.3
Spellcasting   | 3 4 5 6 |  6.4
Short Blades   | 2 3 4 |  4.5
Dodging        | 3 4 5 6 |  6.2
Fighting       | 1 2 3 |  3.4
Ice Magic      | |  0.6

Action                   |  1- 3 |  4- 6 |  7- 9 || total
-------------------------+-------+-------+-------++-------
Melee: Dagger            |   126 |    69 |   115 ||   310
       Punch             |     1 |     1 |     2 ||     4
 Cast: Ensorcelled Hiber |    42 |    36 |    43 ||   121
       Confusing Touch   |       |     4 |     9 ||    13
       Tukima's Dance    |       |       |     2 ||     2
       Dazzling Flash    |       |       |     1 ||     1
  Use: Scroll            |       |     1 |       ||     1
 Stab: Sleeping          |    28 |    27 |    29 ||    84
       Confused          |       |     5 |    11 ||    16
Armor: Robe              |    10 |     1 |    12 ||    23
Dodge: Dodged            |   107 |    61 |    80 ||   248

Table legend: (Time is in decaauts)
 A = Elapsed time spent in this place.
 B = Non-inter-level travel time spent in this place.
 C = Inter-level travel time spent in this place.
 D = Time resting spent in this place.
 E = Time spent auto-exploring this place.
 F = Levels seen in this place.
 G = Mean time per level.
                   A        B        C        D        E       F      G
               +--------+--------+--------+--------+--------+-----+--------+
         Total |   8072 |   7953 |    119 |   2016 |   4880 |   7 | 1153.1 |
       Dungeon |   8072 |   7953 |    119 |   2016 |   4880 |   7 | 1153.1 |
               +--------+--------+--------+--------+--------+-----+--------+

Top non-repeatable levels by time:
     D:6: 1797 daAuts
     D:1: 1641 daAuts
     D:5: 1210 daAuts
     D:4: 1188 daAuts
     D:3: 1163 daAuts
     D:2: 1035 daAuts
     D:7: 36 daAuts
